[Event "African Games Rapid Open 2019"]
[Site "Casablanca"]
[Date "2019.08.27"]
[Round "7.18"]
[White "Kouya, Tyeoulou Bernardin F"]
[Black "Kamara, Ansumana"]
[Result "1-0"]
[ECO "A48"]
[WhiteElo "1770"]
[BlackElo "1928"]
[Annotator "NA"]
[PlyCount "143"]
[EventDate "2019.08.26"]
[EventType "team-tourn"]
[EventCountry "MAR"]
[SourceTitle "playchess.com"]
[Source "ChessBase"]
[SourceQuality "1"]
[TimeControl "900+10"]

1. d4 Nf6 2. Nf3 g6 3. Bg5 Bg7 4. Nbd2 h6 5. Bh4 O-O 6. c3 d6 7. e4 c5 8. Bd3 Nc6 9. d5 Nb8 10. O-O g5 11. Bg3 Nh5 12. Rb1 Bg4 13. Qb3 Qb6 14. Ne1 Nxg3 15. hxg3 Qxb3 16. axb3 Nd7 17. f3 Bh5 18. g4 Bg6 19. Ra1 a6 20. Nc4 Ne5 21. Nxe5 Bxe5 22. Nc2 b5 23. Ra5 Rfb8 24. Rfa1 c4 25. Be2 cxb3 26. Nb4 Rb6 27. Bxb5 Rab8 28. Bxa6 Rxb4 29. cxb4 Rxb4 30. Rb1 h5 31. gxh5 Bxh5 32. Rb5 Ra4 33. Bc8 Ra8 34. Bf5 Kg7 35. Rxb3 Kf6 36. Rb7 e6 37. dxe6 fxe6 38. Bh3 Bd4+ 39. Kf1 Be8 40. g4 Ba4 41. b3 Bc6 42. Rc7 Bb5+ 43. Ke1 Ra2 44. Bf1 Bf2+ 45. Kd1 Bxf1 46. Rc2 Rxc2 47. Kxc2 Ke5 48. Rxf1 Bc5 49. Kd3 d5 50. exd5 exd5 51. Rb1 Bb4 52. Ke2 d4 53. Ra1 Kf4 54. Ra4 Bc5 55. Ra5 Be7 56. Rf5+ Kg3 57. Kd3 Bd6 58. Kxd4 Bf4 59. Ke4 Bd2 60. Rf7 Kf2 61. f4 gxf4 62. Rxf4+ Kg3 63. Rf8 Kxg4 64. Rg8+ Kh5 65. Kf5 Kh6 66. Rg2 Bb4 67. Rg4 Be1 68. b4 Bf2 69. b5 Kh7 70. Kf6 Bb6 71. Kf7 Kh6 72. Rg6+ 1-0

[Event "African Games Rapid Open 2019"]
[Site "Casablanca"]
[Date "2019.08.27"]
[Round "7.19"]
[White "Rita, Jeorciley"]
[Black "Hassan, Abderrahmane"]
[Result "1/2-1/2"]
[ECO "C01"]
[WhiteElo "1920"]
[BlackElo "1786"]
[Annotator "NA"]
[PlyCount "93"]
[EventDate "2019.08.26"]
[EventType "team-tourn"]
[EventCountry "MAR"]
[SourceTitle "playchess.com"]
[Source "ChessBase"]
[SourceQuality "1"]
[TimeControl "900+10"]

1. e4 e6 2. d4 d5 3. exd5 exd5 4. Nf3 Bd6 5. Bd3 Ne7 6. Nc3 c6 7. Ne2 Bf5 8. Ng3 Bxd3 9. Qxd3 O-O 10. O-O Nd7 11. c3 Ng6 12. Bd2 Re8 13. Rfe1 Qc7 14. Nf5 Bf4 15. g3 Bxd2 16. Qxd2 Nf6 17. Qd3 Re4 18. Nd2 Re6 19. Ne3 Rae8 20. Re2 h5 21. h4 Ne4 22. Nxe4 Rxe4 23. Rae1 Qd7 24. Ng2 Qg4 25. Rxe4 Rxe4 26. Rxe4 dxe4 27. Qe3 f5 28. Qg5 Qxg5 29. hxg5 Kf7 30. Kf1 Ke6 31. c4 a5 32. Ke2 b5 33. b3 bxc4 34. bxc4 f4 35. Nh4 Nxh4 36. gxh4 g6 37. a4 Kd6 38. Kd2 Ke6 39. Ke2 Kf5 40. f3 e3 41. Kd3 Ke6 42. Ke2 Kd7 43. Kd3 Kd6 44. Ke2 Ke6 45. Kd3 Kd6 46. Ke2 Ke6 47. Kd3 1/2-1/2

[Event "African Games Rapid Open 2019"]
[Site "Casablanca"]
[Date "2019.08.27"]
[Round "7.20"]
[White "Espirito Santo, Waldyr"]
[Black "Naipal, Hoolan"]
[Result "1-0"]
[ECO "C21"]
[WhiteElo "1923"]
[BlackElo "1785"]
[Annotator "NA"]
[PlyCount "57"]
[EventDate "2019.08.26"]
[EventType "team-tourn"]
[EventCountry "MAR"]
[SourceTitle "playchess.com"]
[Source "ChessBase"]
[SourceQuality "1"]
[TimeControl "900+10"]

1. e4 e5 2. d4 exd4 3. c3 d5 4. exd5 Qxd5 5. cxd4 Nc6 6. Nf3 Bg4 7. Be2 O-O-O 8. Nc3 Bb4 9. O-O Qh5 10. Bf4 Bd6 11. Qd2 Nf6 12. Rfe1 Rhe8 13. h3 Bxf4 14. Qxf4 Qf5 15. Qxf5+ Bxf5 16. Rad1 Nd5 17. Bc4 Rxe1+ 18. Rxe1 Be6 19. a3 h6 20. Kh2 a6 21. Kg1 b5 22. Ba2 Kb7 23. Ne4 Nf4 24. Nc5+ Kb6 25. Nxe6 Nxe6 26. Bxe6 Nxd4 27. Nxd4 Rxd4 28. Bxf7 Rd2 29. b4 1-0

[Event "African Games Rapid Open 2019"]
[Site "Casablanca"]
[Date "2019.08.27"]
[Round "7.21"]
[White "Winston Gerald, Mansfield Thomas"]
[Black "Asante Debesai Zerabruk"]
[Result "0-1"]
[ECO "B00"]
[WhiteElo "1872"]
[BlackElo "1712"]
[Annotator "NA"]
[PlyCount "148"]
[EventDate "2019.08.26"]
[EventType "team-tourn"]
[EventCountry "MAR"]
[SourceTitle "playchess.com"]
[Source "ChessBase"]
[SourceQuality "1"]
[TimeControl "900+10"]

1. e4 d6 2. d4 Nf6 3. Bd3 Nbd7 4. Nf3 e5 5. c3 c6 6. O-O Be7 7. Re1 Qc7 8. h3 h6 9. Nbd2 Nf8 10. Nf1 g5 11. N3h2 Ng6 12. Bd2 Nf4 13. Bxf4 gxf4 14. Kh1 Rg8 15. Nd2 Nh7 16. Ndf3 Bd7 17. Bf1 O-O-O 18. a4 Ng5 19. a5 f5 20. Nd2 fxe4 21. Nxe4 Nxe4 22. Rxe4 Bf5 23. Re1 Bh4 24. Qd2 Qg7 25. Nf3 Bf6 26. a6 b6 27. Ra4 Qg6 28. Rc1 e4 29. Qxf4 exf3 30. Qxf3 Be4 31. Qg3 Qf5 32. Qh2 Qxf2 33. Raa1 Bg5 34. Re1 Qxb2 35. Qg1 Qxc3 36. Rad1 Qxh3+ 37. Qh2 Qxh2+ 38. Kxh2 d5 39. Re2 Bf4+ 40. Kg1 Bf3 41. Kf2 Bxe2 42. Bxe2 Bg3+ 43. Ke3 Rde8+ 44. Kd3 Bf4 45. Bf3 Re3+ 46. Kc2 Rxg2+ 47. Bxg2 Re2+ 48. Kd3 Rxg2 49. Re1 Kd7 50. Rf1 Bd6 51. Rf7+ Be7 52. Rh7 Rg3+ 53. Kc2 Ra3 54. Rxh6 Rxa6 55. Rh7 Ra3 56. Rh8 a5 57. Rb8 Kc7 58. Ra8 Kb7 59. Rg8 Ka6 60. Re8 Bb4 61. Re6 Kb5 62. Rg6 Rc3+ 63. Kb2 Rd3 64. Rg4 Bc3+ 65. Kc2 Rxd4 66. Rg3 Bb4 67. Rg6 a4 68. Rg8 a3 69. Kb3 Rd2 70. Rg2 Rb2+ 71. Rxb2 axb2 72. Kxb2 Bf8 73. Kb3 d4 74. Kc2 Kc4 0-1

[Event "African Games Rapid Open 2019"]
[Site "Casablanca"]
[Date "2019.08.27"]
[Round "8.3"]
[White "Bellahcene, Bilel"]
[Black "Wanyama, Harold"]
[Result "1/2-1/2"]
[ECO "B41"]
[WhiteElo "2550"]
[BlackElo "2293"]
[Annotator "ChessBase"]
[PlyCount "109"]
[EventDate "2019.08.26"]
[EventType "team-tourn"]
[EventCountry "MAR"]
[SourceTitle "playchess.com"]
[Source "ChessBase"]
[SourceQuality "1"]
[TimeControl "900+10"]

1. e4 c5 2. Nf3 e6 3. d4 cxd4 4. Nxd4 a6 5. c4 Qc7 6. Nc3 Nf6 7. Be2 Bb4 8. O-O O-O 9. Bg5 Bxc3 10. Bxf6 gxf6 11. bxc3 d6 12. Qd2 Qe7 13. Rad1 Rd8 14. Qh6 Kh8 15. Rd3 Rg8 16. Rh3 Rg7 17. f4 e5 18. f5 exd4 19. Rf4 Nd7 20. cxd4 Nf8 21. Rg3 Ng6 22. fxg6 fxg6 23. h4 f5 24. Bf3 Be6 25. h5 fxe4 26. Rxe4 Qf6 27. hxg6 Bxc4 28. Rf4 Qe7 29. d5 Bd3 30. Rf7 Qe1+ 31. Kh2 Qxg3+ 32. Kxg3 Rxg6+ 33. Qxg6 Bxg6 34. Rd7 Rc8 35. Rxd6 Rc2 36. a4 Rc4 37. a5 Ra4 38. Re6 Kg7 39. d6 Rd4 40. Bxb7 Bf7 41. Re5 Rxd6 42. Kf4 Kf6 43. Rf5+ Ke7 44. Rc5 Kf6 45. Rc6 Rxc6 46. Bxc6 Bc4 47. Ke4 Kg5 48. Kd4 Bf1 49. Kc5 Kg4 50. Kb6 Kg3 51. Bb7 h5 52. Bxa6 Bxg2 53. Bc8 h4 54. a6 h3 55. Bxh3 1/2-1/2

[Event "African Games Rapid Open 2019"]
[Site "Casablanca"]
[Date "2019.08.27"]
[Round "8.4"]
[White "Boudriga, Mohamed Ali"]
[Black "Kayonde, Andrew"]
[Result "0-1"]
[ECO "B12"]
[WhiteElo "2325"]
[BlackElo "2384"]
[Annotator "NA"]
[PlyCount "84"]
[EventDate "2019.08.26"]
[EventType "team-tourn"]
[EventCountry "MAR"]
[SourceTitle "playchess.com"]
[Source "ChessBase"]
[SourceQuality "1"]
[TimeControl "900+10"]

1. e4 c6 2. d4 d5 3. e5 c5 4. c3 Nc6 5. Be2 Bf5 6. Nf3 e6 7. O-O Bg4 8. Nbd2 cxd4 9. cxd4 Nge7 10. h3 Bh5 11. a3 a5 12. Qa4 Nc8 13. Bb5 N8a7 14. Bd3 Be7 15. g4 Bg6 16. Bxg6 hxg6 17. Qc2 Rxh3 18. Kg2 Rh8 19. Qd3 Qb6 20. Nb1 Qb5 21. Qd1 Nc8 22. Nc3 Qa6 23. Rh1 Rxh1 24. Qxh1 Nb6 25. Qh8+ Bf8 26. Bg5 a4 27. Rh1 Nd7 28. Rh7 Qd3 29. Be3 O-O-O 30. Qg8 Bxa3 31. Qxf7 Bxb2 32. Nxa4 Bxd4 33. Qxe6 Bxe3 34. fxe3 Qc2+ 35. Kg3 Qxa4 36. Rxg7 Qe4 37. Rf7 Ncxe5 38. Rf4 Qxe3 39. Qxd5 g5 40. Rf5 Nxf3 41. Qc4+ Kb8 42. Rxf3 Qxf3+ 0-1

[Event "African Games Rapid Open 2019"]
[Site "Casablanca"]
[Date "2019.08.27"]
[Round "8.5"]
[White "Silva, David"]
[Black "Arab, Adlane"]
[Result "1-0"]
[ECO "B47"]
[WhiteElo "2239"]
[BlackElo "2485"]
[Annotator "ChessBase"]
[PlyCount "79"]
[EventDate "2019.08.26"]
[EventType "team-tourn"]
[EventCountry "MAR"]
[SourceTitle "playchess.com"]
[Source "ChessBase"]
[SourceQuality "1"]
[TimeControl "900+10"]

1. e4 c5 2. Nf3 Nc6 3. Nc3 e6 4. d4 cxd4 5. Nxd4 Qc7 6. g3 Nf6 7. Be3 d6 8. Bg2 a6 9. O-O Be7 10. h3 O-O 11. Na4 Bd7 12. c4 Ne5 13. Rc1 Qa5 14. b3 Bxa4 15. bxa4 Ned7 16. Rb1 Rab8 17. g4 Nc5 18. Nb3 Nxb3 19. axb3 b5 20. axb5 axb5 21. Ra1 Qd8 22. Ba7 bxc4 23. Bxb8 Qxb8 24. bxc4 Nd7 25. Qa4 Nc5 26. Qa7 Qd8 27. Rfd1 Bf6 28. Ra5 Qc8 29. Rxd6 Nb3 30. Ra4 Be5 31. Rd1 h5 32. Qb6 Nc5 33. Ra5 Nd7 34. Qb5 Bc7 35. Ra7 Nc5 36. e5 Bxe5 37. Qc6 hxg4 38. hxg4 Qxc6 39. Bxc6 g5 40. Ra5 1-0

[Event "African Games Rapid Open 2019"]
[Site "Casablanca"]
[Date "2019.08.27"]
[Round "8.6"]
[White "Mesfin, Leykun"]
[Black "Makoto, Rodwell"]
[Result "0-1"]
[ECO "C60"]
[WhiteElo "2151"]
[BlackElo "2373"]
[Annotator "NA"]
[PlyCount "118"]
[EventDate "2019.08.26"]
[EventType "team-tourn"]
[EventCountry "MAR"]
[SourceTitle "playchess.com"]
[Source "ChessBase"]
[SourceQuality "1"]
[TimeControl "900+10"]

1. e4 e5 2. Nf3 Nc6 3. Bb5 g6 4. O-O Bg7 5. Re1 a6 6. Bf1 d6 7. d3 Nf6 8. c3 O-O 9. Nbd2 h6 10. Nc4 Ne7 11. h3 Nh7 12. Ne3 f5 13. exf5 gxf5 14. d4 e4 15. Nh2 f4 16. Nc4 b5 17. Nd2 d5 18. a4 Rb8 19. axb5 axb5 20. Qb3 Kh8 21. Ra5 c6 22. Ra7 Nf5 23. Ng4 Qg5 24. Nxe4 dxe4 25. Rxe4 Nd6 26. Ree7 Rb7 27. Rexb7 Nxb7 28. Qa3 Nf6 29. Ne5 Nd5 30. Ra8 Kg8 31. Nxc6 Bxh3 32. Rxf8+ Bxf8 33. Qb3 Nd6 34. Ne5 Be6 35. Qa2 Qd8 36. Qa6 Bg7 37. Bxb5 Nc7 38. Qb6 Bxe5 39. dxe5 Ndxb5 40. Bxf4 Qd1+ 41. Kh2 Qh5+ 42. Kg1 Qg4 43. Bg3 h5 44. Qb8+ Kf7 45. Qd8 Nd5 46. Bh4 Nbc7 47. f3 Qf4 48. Bg5 Qxe5 49. c4 Qd4+ 50. Kh1 Qxc4 51. Qh8 Bf5 52. Qxh5+ Bg6 53. Qh3 Ne6 54. Bh4 Ndf4 55. Qg4 Qf1+ 56. Kh2 Ne2 57. Qc4 Qg1+ 58. Kh3 Qh1+ 59. Kg4 Qxg2+ 0-1

[Event "African Games Rapid Open 2019"]
[Site "Casablanca"]
[Date "2019.08.27"]
[Round "8.7"]
[White "Ssegwanyi, Arthur"]
[Black "Osunfuyi, Abimbola"]
[Result "1-0"]
[ECO "B23"]
[WhiteElo "2335"]
[BlackElo "2235"]
[Annotator "NA"]
[PlyCount "47"]
[EventDate "2019.08.26"]
[EventType "team-tourn"]
[EventCountry "MAR"]
[SourceTitle "playchess.com"]
[Source "ChessBase"]
[SourceQuality "1"]
[TimeControl "900+10"]

1. e4 c5 2. Nc3 d6 3. d4 cxd4 4. Qxd4 Nc6 5. Qd2 g6 6. b3 Bh6 7. f4 Nf6 8. Bb2 O-O 9. O-O-O Bg4 10. Be2 Rc8 11. Kb1 Bxe2 12. Ngxe2 b5 13. Qd3 a6 14. e5 Ne8 15. Nd5 Bg7 16. h4 e6 17. h5 exd5 18. hxg6 fxg6 19. Qxd5+ Kh8 20. Qe6 Ne7 21. exd6 Nxd6 22. Rxh7+ Kxh7 23. Rh1+ Bh6 24. Rxh6+ 1-0

[Event "African Games Rapid Open 2019"]
[Site "Casablanca"]
[Date "2019.08.27"]
[Round "8.8"]
[White "Zaibi, Amir"]
[Black "Mphungu, Gerrard"]
[Result "1-0"]
[ECO "D15"]
[WhiteElo "2367"]
[BlackElo "2107"]
[Annotator "NA"]
[PlyCount "136"]
[EventDate "2019.08.26"]
[EventType "team-tourn"]
[EventCountry "MAR"]
[SourceTitle "playchess.com"]
[Source "ChessBase"]
[SourceQuality "1"]
[TimeControl "900+10"]

1. d4 d5 2. Nf3 Nf6 3. c4 c6 4. Nc3 Bf5 5. Qb3 Bc8 6. cxd5 cxd5 7. Bf4 e6 8. e3 Bd6 9. Bb5+ Nc6 10. Ne5 Qc7 11. Rc1 Bd7 12. O-O a6 13. Bxc6 Bxc6 14. Nxc6 bxc6 15. Bg3 O-O 16. Na4 Ne4 17. Qd3 Rfb8 18. Rc2 Rb5 19. Rfc1 Bxg3 20. hxg3 Qa5 21. Rxc6 g6 22. b3 Rbb8 23. Rc7 Kg7 24. g4 Nd6 25. R7c5 Qd8 26. Rc6 Ne4 27. Qe2 Rc8 28. g3 Rxc6 29. Rxc6 a5 30. Kg2 Rc8 31. Rxc8 Qxc8 32. f3 Nd6 33. Nc5 Qc6 34. Qa6 Qxa6 35. Nxa6 Nb5 36. Kf2 Kf6 37. Nc5 Ke7 38. Nb7 a4 39. bxa4 Nc3 40. a5 Kd7 41. Nc5+ Kc6 42. a4 h6 43. Ke1 Nb1 44. a6 Kb6 45. Ke2 Na3 46. Kd3 Nc4 47. e4 Nb2+ 48. Ke3 Nc4+ 49. Kd3 Nb2+ 50. Kc3 Nc4 51. exd5 exd5 52. Kd3 Na5 53. Nd7+ Kxa6 54. Ne5 Kb6 55. Nxf7 Nc4 56. Nxh6 Nb2+ 57. Ke3 Nxa4 58. Ng8 g5 59. Ne7 Nc3 60. Kd3 Nd1 61. Nxd5+ Kc6 62. Ne7+ Kd7 63. Nf5 Ke6 64. Ne3 Nf2+ 65. Kc4 Nh1 66. Nf5 Nf2 67. d5+ Kd7 68. Kd4 Nd1 1-0

[Event "African Games Rapid Open 2019"]
[Site "Casablanca"]
[Date "2019.08.27"]
[Round "8.9"]
[White "Chumfwa, Stanley"]
[Black "Elarabi, Abobker Mohamed"]
[Result "1-0"]
[ECO "C85"]
[WhiteElo "2317"]
[BlackElo "2326"]
[Annotator "NA"]
[PlyCount "96"]
[EventDate "2019.08.26"]
[EventType "team-tourn"]
[EventCountry "MAR"]
[SourceTitle "playchess.com"]
[Source "ChessBase"]
[SourceQuality "1"]
[TimeControl "900+10"]

1. e4 e5 2. Nf3 Nc6 3. Bb5 a6 4. Ba4 Nf6 5. O-O Be7 6. Bxc6 dxc6 7. d3 Nd7 8. b3 c5 9. Bb2 Bf6 10. Nc3 O-O 11. Nd5 c6 12. Nxf6+ Qxf6 13. Nd2 Qh6 14. Nc4 Re8 15. a4 b5 16. Ne3 Nf8 17. axb5 cxb5 18. Nd5 Qd6 19. f4 exf4 20. Nxf4 Ne6 21. Nxe6 Rxe6 22. Qf3 Ra7 23. Rf2 Rg6 24. Qe3 Be6 25. b4 Rc7 26. bxc5 Qxc5 27. Qxc5 Rxc5 28. Rxa6 h5 29. d4 Rc8 30. d5 Bf5 31. Rxg6 Bxg6 32. Re2 Rc4 33. d6 Kf8 34. d7 Ke7 35. Rd2 Kd8 36. Bxg7 Rc6 37. e5 Bxc2 38. Bf6+ Rxf6 39. exf6 Bf5 40. Rd5 Bxd7 41. Rxh5 b4 42. Kf2 b3 43. Rh4 Kc7 44. Rb4 Be6 45. h4 Kd6 46. g4 Kc5 47. Rb8 Bc4 48. Ke3 Kd5 {Ke4+} 1-0

[Event "African Games Rapid Open 2019"]
[Site "Casablanca"]
[Date "2019.08.27"]
[Round "8.10"]
[White "Mushore, Emarald Takudzwa"]
[Black "Aderito, Pedro"]
[Result "0-1"]
[ECO "B56"]
[WhiteElo "2198"]
[BlackElo "2301"]
[Annotator "NA"]
[PlyCount "128"]
[EventDate "2019.08.26"]
[EventType "team-tourn"]
[EventCountry "MAR"]
[SourceTitle "playchess.com"]
[Source "ChessBase"]
[SourceQuality "1"]
[TimeControl "900+10"]

1. e4 c5 2. Nf3 Nc6 3. d4 cxd4 4. Nxd4 Nf6 5. Nc3 d6 6. Nxc6 bxc6 7. e5 dxe5 8. Qxd8+ Kxd8 9. Bc4 e6 10. Bg5 Kc7 11. O-O-O Nd5 12. Ne4 h6 13. Bd2 a5 14. Rhe1 Be7 15. Ng3 f6 16. c3 a4 17. Nf1 Bd7 18. Kc2 Bd6 19. g3 g5 20. Bc1 h5 21. Nd2 g4 22. Ne4 Be7 23. Nd2 h4 24. Nf1 Be8 25. Be2 Bg6+ 26. Bd3 Bf7 27. Be4 Bc5 28. Re2 f5 29. Bxd5 cxd5 30. Rxe5 Bxf2 31. Bf4 Kc6 32. Be3 hxg3 33. hxg3 Bxe3 34. Rxe3 Rh1 35. Kd3 Kc5 36. Rde1 Rb8 37. Kc2 Rg1 38. Nd2 Rxe1 39. Rxe1 Rh8 40. Nf1 Kd6 41. Re2 Bg6 42. Kd2 Rh1 43. Ne3 e5 44. Re1 Rh3 45. Rg1 Rh2+ 46. Rg2 Rh1 47. Rf2 Ke6 48. Re2 Ra1 49. a3 Rg1 50. Rg2 Rb1 51. Nd1 Kf6 52. Rf2 Kg5 53. Re2 Kf6 54. Rf2 Kg7 55. Re2 Kf6 56. Rf2 Ke6 57. Rf1 Kf6 58. Rf2 Ra1 59. Ne3 Kg5 60. Nxd5 Rb1 61. Ke3 Rg1 62. c4 Rxg3+ 63. Kd2 Rb3 64. Kc1 f4 0-1

[Event "African Games Rapid Open 2019"]
[Site "Casablanca"]
[Date "2019.08.27"]
[Round "8.11"]
[White "Adu, Oladapo"]
[Black "Oatlhotse, Providence"]
[Result "1-0"]
[ECO "B72"]
[WhiteElo "2273"]
[BlackElo "2252"]
[Annotator "NA"]
[PlyCount "109"]
[EventDate "2019.08.26"]
[EventType "team-tourn"]
[EventCountry "MAR"]
[SourceTitle "playchess.com"]
[Source "ChessBase"]
[SourceQuality "1"]
[TimeControl "900+10"]

1. e4 c5 2. Nf3 d6 3. Nc3 Nc6 4. d4 cxd4 5. Nxd4 g6 6. Be3 Bg7 7. Qd2 Nf6 8. Be2 O-O 9. O-O-O Ng4 10. Bxg4 Bxg4 11. f3 Nxd4 12. Bxd4 Bxd4 13. Qxd4 Be6 14. h4 Rc8 15. h5 Rc4 16. Qd2 Qa5 17. hxg6 fxg6 18. a3 Qe5 19. Rh4 b5 20. Qh6 Rf7 21. Nd5 Rd4 22. Rxd4 Qxd4 23. Qe3 Qc4 24. Rh1 Bxd5 25. exd5 Qxd5 26. Kb1 e5 27. Qe2 Rc7 28. Rd1 Qc5 29. Qd2 Rc6 30. c3 Qc4 31. Qg5 Qe6 32. Qd8+ Kg7 33. Qb8 d5 34. Qxa7+ Kf6 35. Qxh7 Qf5+ 36. Ka1 Rd6 37. Qh8+ Ke6 38. Qg8+ Qf7 39. Qb8 Qd7 40. Qh8 Ke7 41. Qxe5+ Kd8 42. Rd4 Kc8 43. Rf4 Kb7 44. g4 Kc6 45. Rf6 Rxf6 46. Qxf6+ Kc5 47. Qxg6 Kc4 48. Ka2 b4 49. cxb4 Qa4 50. Ka1 d4 51. Qe6+ Kd3 52. Qe4+ Kd2 53. Qxd4+ Kc1 54. Qc3+ Kd1 55. g5 1-0

[Event "African Games Rapid Open 2019"]
[Site "Casablanca"]
[Date "2019.08.27"]
[Round "8.12"]
[White "Beukes, Dante M"]
[Black "Tissir, Mohamed"]
[Result "0-1"]
[ECO "B06"]
[WhiteElo "2130"]
[BlackElo "2379"]
[Annotator "NA"]
[PlyCount "70"]
[EventDate "2019.08.26"]
[EventType "team-tourn"]
[EventCountry "MAR"]
[SourceTitle "playchess.com"]
[Source "ChessBase"]
[SourceQuality "1"]
[TimeControl "900+10"]

1. e4 d6 2. d4 g6 3. Nc3 Bg7 4. f4 a6 5. Nf3 Nd7 6. Bd3 c5 7. Be3 cxd4 8. Nxd4 Ngf6 9. Nb3 O-O 10. a4 b6 11. O-O Bb7 12. Qe2 Qc7 13. Bf2 Rfe8 14. Bg3 Nh5 15. Be1 e5 16. f5 Nf4 17. Qg4 Nf6 18. Qh4 gxf5 19. Rxf4 exf4 20. exf5 Qc6 21. Bf1 f3 22. Nd4 Qc5 23. Bf2 Ne4 24. Nxe4 Rxe4 25. Qg3 Qe5 26. Nxf3 Qxg3 27. Bxg3 Bxb2 28. Rb1 Ba3 29. Bf2 Rxa4 30. Rxb6 Be4 31. f6 Bxc2 32. Be3 Re4 33. Bf2 a5 34. Ba6 Rb4 35. Rc6 Be4 0-1

[Event "African Games Rapid Open 2019"]
[Site "Casablanca"]
[Date "2019.08.27"]
[Round "8.13"]
[White "Eichab, Charles"]
[Black "Khetho, Phemelo"]
[Result "0-1"]
[ECO "A01"]
[WhiteElo "2016"]
[BlackElo "2178"]
[Annotator "NA"]
[PlyCount "96"]
[EventDate "2019.08.26"]
[EventType "team-tourn"]
[EventCountry "MAR"]
[SourceTitle "playchess.com"]
[Source "ChessBase"]
[SourceQuality "1"]
[TimeControl "900+10"]

1. b3 Nf6 2. Bb2 d6 3. d4 g6 4. g3 Bg7 5. Bg2 O-O 6. Nd2 c5 7. dxc5 dxc5 8. Ngf3 Nc6 9. O-O Bf5 10. Ne5 Nxe5 11. Bxe5 Qc8 12. e4 Bg4 13. f3 Bh3 14. Qe2 Bxg2 15. Kxg2 Rd8 16. Nc4 Qc6 17. Rad1 b5 18. Ne3 a6 19. Rxd8+ Rxd8 20. Rd1 Rxd1 21. Qxd1 Ne8 22. Bxg7 Kxg7 23. Qd5 Qxd5 24. exd5 Nd6 25. c4 f5 26. Kf2 Kf6 27. Ke2 g5 28. f4 gxf4 29. gxf4 Ne4 30. cxb5 axb5 31. Kd3 e5 32. Ng4+ fxg4 33. Kxe4 exf4 34. Kxf4 h5 35. a4 c4 36. a5 cxb3 37. a6 b2 38. a7 b1=Q 39. a8=Q Qc1+ 40. Ke4 Qc2+ 41. Kd4 Qc4+ 42. Ke3 Qc3+ 43. Ke4 Qe5+ 44. Kd3 Qxh2 45. Qc6+ Kg5 46. d6 Qg3+ 47. Kd2 Qf4+ 48. Ke2 Qf3+ 0-1

[Event "African Games Rapid Open 2019"]
[Site "Casablanca"]
[Date "2019.08.27"]
[Round "8.14"]
[White "Espirito Santo, Waldyr"]
[Black "Traore, Bakary"]
[Result "0-1"]
[ECO "C48"]
[WhiteElo "1923"]
[BlackElo "2189"]
[Annotator "NA"]
[PlyCount "74"]
[EventDate "2019.08.26"]
[EventType "team-tourn"]
[EventCountry "MAR"]
[SourceTitle "playchess.com"]
[Source "ChessBase"]
[SourceQuality "1"]
[TimeControl "900+10"]

1. e4 e5 2. Nf3 Nf6 3. Nc3 Nc6 4. Bb5 Nd4 5. Nxd4 exd4 6. Ne2 Nxe4 7. d3 Nd6 8. Ba4 Nf5 9. O-O Be7 10. Bf4 O-O 11. Qd2 d5 12. Rae1 c6 13. c3 Bf6 14. Bb3 h6 15. h3 a5 16. Bd1 Be6 17. Kh1 Bg5 18. cxd4 Qf6 19. Bxg5 hxg5 20. f4 g4 21. hxg4 Qh4+ 22. Kg1 Qxg4 23. Rf3 Rfe8 24. Kf2 Qh4+ 25. Kg1 Nh6 26. Re3 Ng4 27. Rg3 Bf5 28. Rxg4 Bxg4 29. g3 Qh3 30. b3 Re7 31. Rf1 Bxe2 32. Bxe2 Qxg3+ 33. Kh1 Re6 34. Bh5 Rh6 35. Qh2 Qxh2+ 36. Kxh2 Rxh5+ 37. Kg3 Re8 0-1

[Event "African Games Rapid Open 2019"]
[Site "Casablanca"]
[Date "2019.08.27"]
[Round "8.15"]
[White "Amba, Oyon Marius Claude"]
[Black "Gohil, Mehul"]
[Result "1/2-1/2"]
[ECO "B93"]
[WhiteElo "1911"]
[BlackElo "2076"]
[Annotator "NA"]
[PlyCount "137"]
[EventDate "2019.08.26"]
[EventType "team-tourn"]
[EventCountry "MAR"]
[SourceTitle "playchess.com"]
[Source "ChessBase"]
[SourceQuality "1"]
[TimeControl "900+10"]

1. e4 c5 2. Nf3 d6 3. d4 cxd4 4. Nxd4 Nf6 5. Nc3 a6 6. f4 e6 7. Nf3 Nc6 8. Bd3 Be7 9. O-O O-O 10. Kh1 Qc7 11. a3 b5 12. Qe1 b4 13. axb4 Nxb4 14. e5 Nxd3 15. cxd3 dxe5 16. fxe5 Nd7 17. Qg3 f6 18. Bh6 Rf7 19. Ne4 Kh8 20. Nd6 Bxd6 21. exd6 Qd8 22. Bd2 Nf8 23. Ne5 Rb7 24. Qf3 Kg8 25. Nc4 Rab8 26. Ba5 Qe8 27. Bc7 Ra8 28. Nb6 Raa7 29. Nxc8 Qxc8 30. Qe2 e5 31. Ra4 Ne6 32. Qg4 Qe8 33. Rc4 Nxc7 34. dxc7 Rxc7 35. Rxf6 Qe7 36. Re6 Qf7 37. h3 Rxc4 38. Qxc4 Qf1+ 39. Kh2 Qf4+ 40. Qxf4 exf4 41. Re4 g5 42. Ra4 Rb7 43. b4 Rb6 44. Kg1 Kf7 45. Kf2 Ke6 46. Kf3 h5 47. Ke4 Rd6 48. d4 Kf6 49. d5 Rb6 50. Kd4 Rd6 51. Kc5 Ke5 52. Kc4 g4 53. hxg4 hxg4 54. Ra1 f3 55. gxf3 gxf3 56. Re1+ Kf4 57. Kc5 Rd8 58. d6 f2 59. Rd1 Ke3 60. Kc6 Ke2 61. Ra1 f1=Q 62. Rxf1 Kxf1 63. Kc7 Rh8 64. d7 Ke2 65. d8=Q Rxd8 66. Kxd8 Kd3 67. Kc7 Kc4 68. Kb6 Kxb4 69. Kxa6 1/2-1/2

[Event "African Games Rapid Open 2019"]
[Site "Casablanca"]
[Date "2019.08.27"]
[Round "8.17"]
[White "Asante Debesai Zerabruk"]
[Black "Ebosse, Kingue Victor Patric"]
[Result "0-1"]
[ECO "B92"]
[WhiteElo "1712"]
[BlackElo "2055"]
[Annotator "NA"]
[PlyCount "52"]
[EventDate "2019.08.26"]
[EventType "team-tourn"]
[EventCountry "MAR"]
[SourceTitle "playchess.com"]
[Source "ChessBase"]
[SourceQuality "1"]
[TimeControl "900+10"]

1. e4 c5 2. Nf3 d6 3. d4 cxd4 4. Nxd4 Nf6 5. Nc3 a6 6. Be2 e5 7. Nb3 Be6 8. Be3 Nbd7 9. O-O Rc8 10. f3 b5 11. Bg5 Be7 12. Qd2 b4 13. Bxf6 bxc3 14. Bxe7 Qb6+ 15. Kh1 cxd2 16. Bg5 Rxc2 17. Bxd2 Bxb3 18. axb3 Rxd2 19. Rxa6 Rxe2 20. Rxb6 Nxb6 21. h3 Rxb2 22. Rd1 Ke7 23. Rd3 Ra8 24. Rc3 Ra1+ 25. Kh2 Raa2 26. Rc7+ Kd8 0-1

[Event "African Games Rapid Open 2019"]
[Site "Casablanca"]
[Date "2019.08.27"]
[Round "8.18"]
[White "Sang, Ricky"]
[Black "Kouya, Tyeoulou Bernardin F"]
[Result "0-1"]
[ECO "D00"]
[WhiteElo "1971"]
[BlackElo "1770"]
[Annotator "NA"]
[PlyCount "122"]
[EventDate "2019.08.26"]
[EventType "team-tourn"]
[EventCountry "MAR"]
[SourceTitle "playchess.com"]
[Source "ChessBase"]
[SourceQuality "1"]
[TimeControl "900+10"]

1. d4 d5 2. Bf4 Nf6 3. e3 e6 4. Nd2 Be7 5. Bd3 Nbd7 6. Ngf3 O-O 7. Ne5 c5 8. c3 a6 9. h4 h6 10. g4 Nxe5 11. dxe5 Nd7 12. g5 Qc7 13. gxh6 g6 14. Nf3 Kh7 15. h5 Rg8 16. Rg1 b5 17. Qc2 Nf8 18. Bg5 c4 19. Be2 Bb7 20. O-O-O a5 21. Bf6 Bxf6 22. exf6 b4 23. Ng5+ Kh8 24. h7 Nxh7 25. Nxh7 b3 26. axb3 cxb3 27. Qd2 a4 28. hxg6 Rxg6 29. Rxg6 fxg6 30. Rh1 a3 31. Ng5+ Kg8 32. f7+ Kf8 33. Nxe6+ Kxf7 34. Nxc7 a2 35. Rh7+ Kg8 36. Rh8+ Kxh8 37. Qd4+ Kg8 38. Bd3 a1=Q+ 39. Bb1 Ra2 40. Qd2 d4 41. f3 Bxf3 42. Nd5 Bxd5 43. Qh2 Be4 44. Qb8+ Kf7 45. Qxb3+ Kf6 46. Qxa2 Qxa2 47. Bxa2 dxe3 48. Kd1 Bd3 49. Ke1 g5 50. Bd5 g4 51. c4 g3 52. c5 Ke5 53. Bg2 Be4 54. Bh3 g2 55. Bxg2 Bxg2 56. Ke2 Kd4 57. b4 Bc6 58. Ke1 Bb5 59. Kd1 e2+ 60. Ke1 Kd3 61. c6 Bxc6 0-1